 Dungeon Crawl Stone Soup version 0.24-a0-251-g44e327ef01 (webtiles) character file.

Game seed: 2029073836278303212

37 Redear the Ducker (level 3, 0/17 HPs)
             Began as a Felid Monk on Apr 16, 2019.
             Succumbed to an adder's poison
             ... on level 2 of the Dungeon.
             The game lasted 00:01:26 (1010 turns).

Redear the Ducker (Felid Monk)                      Turns: 1010, Time: 00:01:27

Health: 0/17       AC:  1    Str:  8    XL:     3   Next: 21%
Magic:  4/4        EV: 20    Int: 11    God:
Gold:   53         SH:  0    Dex: 18    Spells: 2/2 levels left
                                        Lives:  0   Deaths: 0

rFire    . . .     SeeInvis +     - Unarmed
rCold    . . .     Gourm    .   (shield unavailable)
rNeg     . . .     Faith    .   (armour unavailable)
rPois    .         Spirit   .   (helmet unavailable)
rElec    .         Reflect  .   (cloak unavailable)
rCorr    +         Harm     .   (gloves unavailable)
MR       .....                  (boots unavailable)
Stlth    +++.......             (no amulet)
HPRegen  0.05/turn              g - ring of resist corrosion
MPRegen  0.09/turn              (no ring)

@: lethally poisoned (0 -> -10), berserk cooldown, slowed, slow
A: very small, no armour, no weapons or thrown items, stealth, claws 1, fangs 3,
see invisible, carnivore, speed 1, shaggy fur 1, slow metabolism 1, sharp paws
a: no special abilities


You were on level 2 of the Dungeon.
You were not hungry.

You visited 1 branch of the dungeon, and saw 2 of its levels.

You collected 53 gold pieces.

Inventory:

Jewellery
 g - a ring of resist corrosion (left paw)
 h - a +2 ring of dexterity {unknown}
Scrolls
 c - 3 scrolls of enchant armour {unknown}
 e - 5 scrolls of identify {unknown}
Potions
 a - a potion of degeneration {unknown}
 d - a potion of curing {unknown}
 f - a potion of mutation {unknown}
Comestibles
 z - 2 rations


   Skills:
 + Level 3.3 Fighting
 + Level 4.5 Dodging
 + Level 3.5 Stealth
 + Level 3.3 Unarmed Combat


You had 2 spell levels left.
You didn't know any spells.
Your spell library was empty.

Dungeon Overview and Level Annotations

Branches:
Dungeon (2/15)

Altars:
Ashenzari


Innate Abilities, Weirdness & Mutations

You cannot wear armour.
You are incapable of wielding weapons or throwing items.
Your paws allow you to move quietly. (Stealth)
You have sharp claws.
You have razor-sharp teeth.
You have supernaturally acute eyesight. (SInv)
You are carnivorous and can eat meat at any time.
You cover ground quickly.
You are covered in fur. (AC +1)
You have a slow metabolism.
Your sharp claws are effective at attacking unaware monsters.


Message History

You are too berserk!
Unknown command.
You claw the adder!
You kill the adder!
You have reached level 3!
Your experience leads to an increase in your attributes!
Your base attributes are Str 7, Int 11, Dex 18.
Increase (S)trength, (I)ntelligence, or (D)exterity?
You feel stronger.
MP restored: 4 You are too berserk!
You are too berserk!
* * * LOW HITPOINT WARNING * * *
You feel sick.
You take 1 damage, and have 1/25 hp.
You feel a strong urge to attack something.
You feel your anger nearly subside.
You are no longer berserk.
You are exhausted.
You feel yourself slow down.
You die...

#######..###......
#†................
#.#####.###.######
#.# #.# #.).....
#.###.#####.#
#......#
#...........#
#...†.##
#####.#######
##..)## #.# #..##
#@# #.## #.# ###
#=# #.# #.# #.#
#.# #.#


There were no monsters in sight!

Vanquished Creatures
  An adder (D:2)
  A dart slug (D:1)
  A leopard gecko (D:2)
  2 giant cockroaches
  4 goblins
  2 hobgoblins
  4 jackals (D:1)
  3 bats
  A frilled lizard (D:1)
  4 kobolds (D:2)
23 creatures vanquished.

Notes
Turn   | Place    | Note
-------+----------+-------------------------------------------
     0 | D:1      | Redear the Felid Monk began the quest for the Orb.
     0 | D:1      | Reached XP level 1. HP: 10/10 MP: 2/2
   391 | D:1      | Reached skill level 3 in Stealth
   438 | D:1      | Reached XP level 2. HP: 14/14 MP: 3/3
   605 | D:2      | Found a shattered altar of Ashenzari.
  1005 | D:2      | HP: 2/21 [poisoned by an adder]
  1006 | D:2      | Reached XP level 3. HP: 2/17 MP: 4/4
  1010 | D:2      | Succumbed to an adder's poison

Levels and vault maps discovered:
D:1:      dpeg_arrival_radiant, layout_rooms
D:2:      layout_loops_ring, nicolae_overflow_crystal_walls,
          nicolae_ashenzari_panopticon, nicolae_tso_swordbearing_angel,
          first_ration, uniq_sigmund

Skill      XL: |  1 |
---------------+----+-----
Stealth        | 3 |  3.5
Fighting       | |  3.3
Dodging        | |  4.5
Unarmed Combat | |  3.3

Action                   || total
-------------------------++-------
Melee: Unarmed           ||    73
       Bite              ||     6
  Use: Potion            ||     1
 Stab: Sleeping          ||     5
Armor: Skin              ||     3
Dodge: Dodged            ||    64

Table legend:
 A = Non-vault XP
 B = Vault XP
 C = Vault XP percentage of total XP
 D = Non-vault monster count
 E = Vault monster count
 F = Vault count percentage of total count
                 A         B        C        D         E       F
            +---------+---------+-------+---------+---------+-------
      Total |      53 |       0 |   0.0 |      23 |       0 |   0.0
            +---------+---------+-------+---------+---------+-------
        D:1 |      23 |       0 |   0.0 |      12 |       0 |   0.0
        D:2 |      30 |       0 |   0.0 |      11 |       0 |   0.0
            +---------+---------+-------+---------+---------+-------
